 Dungeon Crawl Stone Soup version 0.20-a0-864-g92acfd1 (console) character file.

160826 itsmu the Zephyrmancer (level 17, -8/159 HPs)
             Began as a Naga Air Elementalist on Mar 12, 2017.
             Was the Champion of Dithmenos.
             Mangled by a deep troll earth mage (10 damage)
             ... on level 1 of the Depths.
             The game lasted 02:14:40 (47318 turns).

itsmu the Zephyrmancer (Naga Air Elementalist)     Turns: 47318, Time: 02:14:42

Health: -8/159     AC: 25    Str: 15    XL:     17   Next: 77%
Magic:  0/34       EV:  7    Int: 23    God:    Dithmenos [******]
Gold:   215        SH:  0    Dex: 19    Spells: 19/43 levels left

rFire    + + .     SeeInvis +   a - +2 war axe (elec)
rCold    + . .     Gourm    +   X - +0 ring mail {rF+}
rNeg     . . .     Faith    .   (no shield)
rPois    +         Spirit   .   Y - +0 helmet {Int+3}
rElec    .         Reflect  .   V - +2 cloak
rCorr    .         Harm     .   U - +2 pair of gloves {archery}
MR       ++...     Rnd*Tele +   k - +1 naga barding
Stlth    +++.......             G - amulet of the gourmand
Regen    0.4/turn               h - ring "Esiapliv" {rPois rF+ rC+ Str+5 Dex+4}
MPRegen  0.3/turn               A - ring of teleportation

@: wreathed by umbra, very slow
A: see invisible, deformed body, poison resistance, slowness 2, slow metabolism
1, spit poison 1, constrict 1, AC +5
a: Spit Poison, Shadow Step, Shadow Form, Renounce Religion


You were on level 1 of the Depths.
You worshipped Dithmenos.
Dithmenos was exalted by your worship.
You were full.

You visited 5 branches of the dungeon, and saw 25 of its levels.
You also visited: Labyrinth.

You collected 2537 gold pieces.
You spent 2322 gold pieces at shops.

Inventory:

Hand Weapons
 a - a +2 war axe of electrocution (weapon)
   (You took it off a wight on level 9 of the Dungeon)
 b - a +2 executioner's axe of freezing
   (You found it on level 4 of the Dungeon)
Missiles
 g - 2 curare-tipped needles
Armour
 k - a +1 naga barding (worn)
   (You found it on level 4 of the Dungeon)
 U - a +2 pair of gloves of archery (worn)
   (You bought it in a shop on level 2 of the Orcish Mines)
 V - a +2 cloak (worn)
   (You found it on level 6 of the Lair of Beasts)
 X - a +0 ring mail of fire resistance (worn)
   (You found it on level 6 of the Lair of Beasts)
 Y - a +0 helmet of intelligence (worn)
   (You bought it in a shop on level 2 of the Orcish Mines)
Jewellery
 h - the ring "Esiapliv" (right hand) {rPois rF+ rC+ Str+5 Dex+4}
   (You bought it in a shop on level 2 of the Orcish Mines)

   [ring of strength]

   It affects your strength (+5).
   It affects your dexterity (+4).
   It protects you from fire.
   It protects you from cold.
   It protects you from poison.
 i - an uncursed ring of protection from cold
   (You found it on level 1 of the Lair of Beasts)
 p - an uncursed amulet of regeneration {unknown}
   (You found it on level 1 of the Shoals)
 u - an uncursed ring of magical power
   (You bought it in a shop on level 7 of the Dungeon)
 A - a ring of teleportation (left hand)
   (You found it on level 6 of the Dungeon)
 C - an uncursed ring of resist corrosion
   (You found it on level 2 of the Lair of Beasts)
 G - an amulet of the gourmand (around neck)
   (You found it on level 1 of the Shoals)
 S - a +6 amulet of reflection
   (You found it on level 6 of the Lair of Beasts)
Wands
 r - a wand of disintegration (1/24)
   (You found it on level 1 of the Shoals)
 x - a wand of confusion (34/48)
   (You found it on level 11 of the Dungeon)
 y - a wand of scattershot (0/9)
   (You found it on level 5 of the Lair of Beasts)
 D - a wand of lightning (5/15)
   (You found it on level 12 of the Dungeon)
 E - a wand of paralysis (6/24)
   (You found it on level 6 of the Dungeon)
 I - a wand of digging (3/24)
   (You found it on level 1 of the Lair of Beasts)
 J - a wand of lightning (0/15)
   (You found it on level 5 of the Lair of Beasts)
Scrolls
 f - 3 scrolls of enchant armour
 j - 7 scrolls of identify
 B - 6 scrolls of magic mapping
 F - 4 scrolls of remove curse
 O - 4 scrolls of fog
Potions
 l - 3 potions of curing
 m - a potion of haste
 n - 7 potions of flight
 o - a potion of ambrosia
 q - a potion of berserk rage
 s - 4 potions of might
 w - 4 potions of lignification
 M - 6 potions of brilliance
 W - a potion of agility
Comestibles
 c - 16 bread rations
 z - 6 meat rations
 K - 4 royal jellies
 P - 4 fruits


   Skills:
 + Level 11.7 Fighting
 * Level 13.8 Axes
 + Level 9.9 Armour
 - Level 1.5 Dodging
 - Level 3.0 Stealth
 + Level 13.8 Spellcasting
 - Level 10.6 Conjurations
 + Level 14.6 Air Magic


You had 19 spell levels left.
You knew the following spells:

 Your Spells              Type           Power        Failure   Level  Hunger
a - Shock                 Conj/Air       ####         1%          1    None
b - Airstrike             Air            ######....   1%          4    None
c - Static Discharge      Conj/Air       ######..     1%          3    None
d - Lightning Bolt        Conj/Air       ######....   1%          5    ###....
z - Swiftness             Chrm/Air       #####...     1%          2    None
O - Deflect Missiles      Chrm/Air       #####.....   56%         6    #####..
R - Regeneration          Chrm/Necr      ###.......   24%         3    None


Dungeon Overview and Level Annotations

Branches:
Dungeon (15/15)            Temple (0/1) D:7            Lair (6/6) D:9
 Shoals (1/4) Lair:2       Spider (0/4) Lair:4        Slime (0/5) Lair:6
    Orc (2/2) D:12            Elf (0/3) Orc:2        Vaults (0/5) D:13
 Depths (1/5) D:15

Altars:
Ashenzari
Cheibriados
Dithmenos
Elyvilon
Fedhas
Gozag
Hepliaklqana
Makhleb
Nemelex Xobeh
Okawaru
Trog
Vehumet
Xom
Jiyva

Shops:
D:7 =   Orc:2 =(*[

Portals:
Pandemonium: Depths:1

Annotations:
D:3 ghost, 1 exclusion, Yehuk's ghost, amateur DsSk
D:15 1 runed door


Innate Abilities, Weirdness & Mutations

You cannot wear boots.
Your serpentine skin is tough. (AC +5)
You have supernaturally acute eyesight. (SInv)
Armour fits poorly on your strangely shaped body.
Your system is resistant to poisons. (rPois)
You cover ground very slowly.
You have a slow metabolism.
You can spit poison.
You can use your snake-like lower body to constrict enemies.


Message History

The shadow bolt hits the deep troll earth mage.
The shadow bolt misses the deep troll.
The shadow bolt hits the two-headed ogre. x2
Your skin stops crawling.
The ogre mage casts a spell at you. The crystal spear hits you!
* * * LOW HITPOINT WARNING * * *
You emit a cloud of dark smoke.
The deep troll earth mage bites you but does no damage.
The deep troll earth mage claws you but does no damage.
The deep troll earth mage claws you!
* * * LOW HITPOINT WARNING * * *
You feel better.
The ogre mage gestures at you while chanting.
The bolt of cold hits you! You resist.
* * * LOW HITPOINT WARNING * * *
The deep troll earth mage bites you.
* * * LOW HITPOINT WARNING * * *
The deep troll earth mage claws you!
You die...

# #. #. #. #### #
########.#§§# #
#........§M.###### #
#.#####.##T§.....# # #.#
#..##O#O##.# # #.# #..CTO.#
# #.# ##.OO#.# ### ### #.#
#§(O..# ... ..'
#.#######§#§§.## #.# #C#
#.......§§§§§.O###.# #..#
#.#######§#§#.O.##.####...#


You could see a two-headed ogre, an ogre mage, a deep troll, a deep troll earth
mage and 3 ogres.

Vanquished Creatures
  3 liches (Depths:1)
  Gastronok (D:8)
  A shadow dragon (Depths:1)
  2 tengu reavers (D:14)
  A frost giant (D:14)
  2 orc warlords
  2 very ugly things (Depths:1)
  A stone giant (Depths:1)
  Nessos (D:15)
  3 spark wasps (Depths:1)
  A green death (Depths:1)
  4 ettins
  A merfolk impaler (Depths:1)
  A minotaur (Lab)
  2 fire dragons (Depths:1)
  Josephine (D:11)
  4 yaktaur captains
  Harold (Lair:2)
  A vault guard (D:13)
  The ghost of grippy the Protected, a journeyman MiFi of Nemelex Xobeh (Lair:3)
  4 great orbs of eyes (Depths:1)
  A rakshasa (Depths:1)
  A catoblepas (D:13)
  5 ice dragons (Depths:1)
  4 centaur warriors
  9 hydras
  A merfolk avatar (Lair:6)
  A death knight (D:11)
  An ogre mage (D:15)
  A deep troll shaman (Depths:1)
  4 two-headed ogres
  A merfolk aquamancer (Shoals:1)
  2 orc high priests (Orc:2)
  A spriggan berserker (Depths:1)
  3 sea snakes
  8 skeletal warriors
  An unseen horror (D:13)
  A wizard (Depths:1)
  A sixfirhy (Depths:1)
  A flayed ghost (Depths:1)
  A torturous demonspawn (Depths:1)
  A glowing orange brain (Depths:1)
  A deep troll (Depths:1)
  A lindwurm (Lair:5)
  A wolf spider zombie (D:15)
  7 orc knights
  3 orc sorcerers
  19 ugly things
  A deep elf mage (D:13)
  3 harpies (Shoals:1)
  3 fauns (Shoals:1)
  8 cyclopes
  27 elephants
  5 merfolk sirens
  5 black mambas
  3 water nymphs (Shoals:1)
  10 manticores
  A black mamba (shapeshifter) (D:14)
  A gargoyle (D:13)
  6 spiny frogs
  3 centaur zombies
  A torpor snail (Lair:6)
  13 komodo dragons
  5 rime drakes
  8 yaktaurs
  3 tengu conjurers
  8 trolls
  A red devil (Depths:1)
  10 polar bears
  9 merfolk (Shoals:1)
  A wind drake (Lair:6)
  A harpy skeleton (D:14)
  4 hornets
  9 dream sheep
  A dream sheep (shapeshifter) (Depths:1)
  16 blink frogs
  18 hippogriffs
  A meliai zombie (D:12)
  8 water elementals
  A redback (Lab)
  42 yaks
  5 wyverns
  A basilisk (shapeshifter) (Depths:1)
  A fire elemental (Lair:6)
  4 hogs (D:7)
  5 wraiths
  A neqoxec (Depths:1)
  9 basilisks
  A human (D:7)
  3 hungry ghosts
  4 vampire mosquitoes (D:13)
  Edmund (D:5)
  9 wargs
  A steam dragon (D:10)
  An acid dragon (D:14)
  3 porcupines
  20 water moccasins
  5 ice beasts
  34 orc warriors
  5 sky beasts
  2 eyes of draining
  6 phantoms
  12 black bears
  A necrophage (D:10)
  13 ogres
  12 centaurs
  4 boggarts (Depths:1)
  10 wolves
  A tengu (shapeshifter) (D:14)
  19 crocodiles
  Blork the orc (D:4)
  20 bullfrogs
  An earth elemental (Lab)
  A wyvern skeleton (D:14)
  6 scorpions
  11 killer bees
  17 wights
  An electric eel (D:15)
  4 howler monkeys
  13 crimson imps
  A lava snake (D:15)
  3 quasits
  2 bullfrog zombies
  3 centaur skeletons
  4 jellies
  13 orc priests
  10 hounds
  15 orc wizards
  4 bullfrog skeletons
  2 iron imps (Depths:1)
  Jessica (D:2)
  10 iguanas
  11 worker ants
  A hound skeleton (D:7)
  A worker ant zombie (D:7)
  27 adders
  9 gnolls
  4 shadow imps
  4 white imps (Depths:1)
  2 adder skeletons (D:8)
  An adder zombie (D:9)
  6 worms
  3 dart slugs
  5 leopard geckos
  73 orcs
  A ball python (D:2)
  6 giant cockroaches
  11 goblins
  10 hobgoblins
  10 jackals
  6 quokkas
  16 bats
  4 frilled lizards
  10 kobolds
  11 rats
  A fungus (Lair:2)
  A plant (Lair:6)
925 creatures vanquished.

Vanquished Creatures (others)
  49 fungi
  28 plants (Lair:6)
77 creatures vanquished.

Grand Total: 1002 creatures vanquished

Notes
Turn   | Place    | Note
-------+----------+-------------------------------------------
     0 | D:1      | itsmu the Naga Air Elementalist began the quest for the Orb.
     0 | D:1      | Reached XP level 1. HP: 15/15 MP: 3/3
   350 | D:1      | Reached XP level 2. HP: 22/22 MP: 5/5
   354 | D:1      | Learned a level 2 spell: Swiftness
   661 | D:1      | Reached skill level 4 in Air Magic
   795 | D:1      | Reached XP level 3. HP: 28/28 MP: 6/6
  1410 | D:2      | Noticed Jessica
  1427 | D:2      | Killed Jessica
  1427 | D:2      | Reached skill level 5 in Air Magic
  1427 | D:2      | Reached XP level 4. HP: 36/36 MP: 5/7
  1556 | D:2      | Learned a level 4 spell: Airstrike
  2030 | D:2      | Reached XP level 5. HP: 42/42 MP: 6/8
  2096 | D:2      | Found a shadowy altar of Dithmenos.
  2586 | D:2      | Became a worshipper of Dithmenos the Shadowed
  2703 | D:3      | Noticed Yehuk's ghost (amateur DsSk)
  3142 | D:3      | Reached skill level 6 in Air Magic
  3203 | D:3      | Found an opulent altar of Gozag.
  3408 | D:4      | Noticed a phantom
  3436 | D:5      | Entered Level 5 of the Dungeon
  3526 | D:5      | Found a hazy altar of Hepliaklqana.
  3545 | D:5      | Reached XP level 6. HP: 46/49 MP: 3/9
  3594 | D:4      | erm
  3596 | D:4      | Found a snail-covered altar of Cheibriados.
  3596 | D:4      | Found a bloodstained altar of Trog.
  3789 | D:4      | Noticed a phantom
  3809 | D:4      | Reached skill level 7 in Air Magic
  4001 | D:4      | Reached XP level 7. HP: 55/55 MP: 8/10
  4078 | D:4      | Reached * piety under Dithmenos
  4134 | D:4      | Learned a level 3 spell: Static Discharge
  4321 | D:4      | Reached skill level 8 in Air Magic
  4422 | D:4      | Noticed Blork the orc
  4432 | D:4      | Killed Blork the orc
  4432 | D:4      | Reached XP level 8. HP: 45/62 MP: 4/13
  5266 | D:4      | Reached skill level 9 in Air Magic
  5564 | D:5      | Reached ** piety under Dithmenos
  6001 | D:5      | Found a burning altar of Makhleb.
  6002 | D:5      | Found a blossoming altar of Fedhas.
  6153 | D:5      | Reached XP level 9. HP: 68/68 MP: 2/16
  6370 | D:5      | Noticed Edmund
  6385 | D:5      | Killed Edmund
  7110 | D:6      | Reached skill level 5 in Spellcasting
  7110 | D:6      | Reached skill level 10 in Air Magic
  7513 | D:6      | Reached skill level 1 in Axes
  7694 | D:6      | Reached skill level 1 in Armour
  7695 | D:6      | Found a shattered altar of Ashenzari.
  7818 | D:6      | Reached skill level 5 in Conjurations
  7943 | D:6      | Reached skill level 1 in Fighting
  8215 | D:6      | Reached *** piety under Dithmenos
  8452 | D:7      | Found Humirr's Jewellery Shop.
  8455 | D:7      | Bought an uncursed ring of magical power for 260 gold pieces
  8601 | D:7      | Learned a level 5 spell: Lightning Bolt
  8748 | D:7      | Found a staircase to the Ecumenical Temple.
  9277 | D:7      | Found a sparkling altar of Nemelex Xobeh.
  9295 | D:7      | Found an iron altar of Okawaru.
  9353 | D:7      | Reached XP level 10. HP: 54/80 MP: 12/18
  9927 | D:7      | Found a burning altar of Makhleb.
 10324 | D:8      | Found a radiant altar of Vehumet.
 10350 | D:8      | Found an iron altar of Okawaru.
 10397 | D:8      | Found a white marble altar of Elyvilon.
 10427 | D:8      | Noticed a four-headed hydra
 10688 | D:8      | Noticed Gastronok
 10695 | D:8      | Killed Gastronok
 10695 | D:8      | Reached skill level 11 in Air Magic
 11242 | D:8      | Reached XP level 11. HP: 83/91 MP: 1/21
 11968 | D:9      | Found a staircase to the Lair.
 12092 | D:9      | Reached **** piety under Dithmenos
 13812 | D:10     | Entered Level 10 of the Dungeon
 14564 | D:10     | Noticed a cyclops
 15008 | D:10     | Killed a cyclops
 15010 | D:10     | Reached ***** piety under Dithmenos
 15198 | Lair:1   | Entered Level 1 of the Lair of Beasts
 15903 | Lair:1   | Reached skill level 5 in Fighting
 16140 | Lair:2   | Reached XP level 12. HP: 100/103 MP: 21/24
 16485 | Lair:2   | Noticed Harold
 16495 | Lair:2   | Killed Harold
 16495 | Lair:2   | Reached skill level 5 in Axes
 16495 | Lair:2   | Reached skill level 12 in Air Magic
 16917 | Lair:2   | Found a staircase to the Shoals.
 17085 | Lair:2   | Noticed a six-headed hydra
 17092 | Lair:2   | Killed a six-headed hydra
 18618 | Lair:3   | Noticed grippy's ghost (journeyman MiFi)
 19167 | Lair:3   | Reached skill level 10 in Conjurations
 19167 | Lair:3   | Gained mutation: You can use your snake-like lower body to constrict enemies. [Naga growth]
 19167 | Lair:3   | Reached XP level 13. HP: 54/111 MP: 17/26
 19496 | D:8      | Was placed under penance by Dithmenos
 19497 | D:8      | oh whoops
 19503 | D:8      | Was forgiven by Dithmenos
 19506 | D:8      | wow you're easy to please.
 20206 | Lair:3   | Killed grippy's ghost
 20206 | Lair:3   | Reached skill level 5 in Armour
 22076 | Lair:3   | Reached skill level 13 in Air Magic
 22359 | Lair:4   | Found a hole to the Spider Nest.
 23900 | Lair:4   | Reached skill level 10 in Spellcasting
 25143 | Lair:5   | Reached XP level 14. HP: 116/123 MP: 21/28
 25629 | Lair:6   | Entered Level 6 of the Lair of Beasts
 27963 | Lair:6   | Found a viscous altar of Jiyva.
 27964 | Lair:6   | Found a staircase to the Slime Pits.
 28842 | Lair:6   | Reached ****** piety under Dithmenos
 29355 | Lair:1   | Learned a level 3 spell: Regeneration
 29362 | Lair:1   | Learned a level 6 spell: Deflect Missiles
 29636 | D:11     | Noticed Josephine
 29799 | D:11     | Killed Josephine
 31220 | D:11     | Reached XP level 15. HP: 122/135 MP: 17/31
 31347 | D:12     | Found a labyrinth entrance.
 31354 | Lab      | Entered a labyrinth
 31726 | D:12     | Found a staircase to the Orcish Mines.
 33449 | D:13     | Found a gate to the Vaults.
 33826 | D:14     | Found a shimmering altar of Xom.
 33846 | D:14     | Reached skill level 10 in Axes
 34740 | D:14     | Noticed a tengu reaver
 34751 | D:14     | Killed a tengu reaver
 34753 | D:14     | Noticed a tengu reaver
 35147 | D:14     | Noticed a frost giant
 35152 | D:14     | Killed a frost giant
 35455 | D:14     | Killed a tengu reaver
 35455 | D:14     | Reached skill level 10 in Fighting
 35778 | D:15     | Entered Level 15 of the Dungeon
 35903 | D:15     | Noticed Nessos
 35903 | D:15     | Reached XP level 16. HP: 108/146 MP: 14/32
 35921 | D:15     | Killed Nessos
 36304 | D:15     | Found a runed door.
 36724 | D:15     | Found a staircase to the Depths.
 37138 | D:15     | Noticed a quicksilver dragon
 37138 | D:15     | a frost giant changed into a quicksilver dragon
 37139 | D:15     | a quicksilver dragon changed into a fire giant
 37140 | D:15     | Noticed an azure jelly
 37140 | D:15     | a fire giant changed into an azure jelly
 37141 | D:15     | an azure jelly changed into a stone giant
 37235 | Orc:1    | Entered Level 1 of the Orcish Mines
 37631 | Orc:2    | Entered Level 2 of the Orcish Mines
 38435 | Orc:1    | Found a bloodstained altar of Trog.
 39683 | Orc:2    | Found a staircase to the Elven Halls.
 40043 | Orc:2    | Found Atagow's Antique Weapon Boutique.
 40071 | Orc:2    | Found Atsub Lulu's General Store.
 40086 | Orc:2    | Bought a potion of heal wounds for 80 gold pieces
 40086 | Orc:2    | Bought a scroll of brand weapon for 320 gold pieces
 40098 | Orc:2    | Found Unatugga's Antique Armour Boutique.
 40108 | Orc:2    | Bought a pair of runed gloves for 270 gold pieces
 40108 | Orc:2    | Bought a glowing helmet for 270 gold pieces
 40220 | Orc:2    | Found Pyheugax's Jewellery Shop.
 40751 | Shoals:1 | Entered Level 1 of the Shoals
 40818 | Shoals:1 | Reached skill level 14 in Air Magic
 42940 | Orc:2    | Bought the ring "Esiapliv" {rPois rF+ rC+ Str+5 Dex+4} for 1122 gold pieces
 43094 | Depths:1 | Entered Level 1 of the Depths
 43750 | Depths:1 | Noticed a lich
 43754 | Depths:1 | Killed a lich
 43754 | Depths:1 | Reached XP level 17. HP: 157/157 MP: 27/34
 44536 | Depths:1 | Noticed a lich
 44587 | Depths:1 | Killed a lich
 46649 | Depths:1 | Found a one-way gate leading to the halls of Pandemonium.
 47293 | Depths:1 | Noticed a lich
 47304 | Depths:1 | Killed a lich
 47318 | Depths:1 | HP: 3/159 [ogre mage/bolt of cold (13)]
 47318 | Depths:1 | Mangled by a deep troll earth mage

Vault maps used:
D:1:      minmay_arrival_cross, minmay_misc_feat_columns
D:2:      nicolae_overflow_hidden_temple, minmay_pentomino_w4, uniq_jessica
D:3:      nicolae_gozag_cash_rules_everything_around_me
D:4:      old_forge, gammafunk_temple_overflow_pools, serial_forest,
          infiniplex_forest_zigzag_2, infiniplex_forest_clump_double,
          infiniplex_forest_join, infiniplex_forest_clump_long,
          infiniplex_forest_clump_long, infiniplex_forest_clump_curved,
          infiniplex_forest_straight_4, infiniplex_forest_zigzag_1,
          infiniplex_forest_side_room, first_bread, uniq_blork_the_orc
D:5:      lemuel_crystal_altar, kennysheep_mini_moat, lemuel_crystal_altar,
          uniq_edmund
D:6:      cheibrodos_ashenzari_chains
D:7:      lemuel_round_altar, nemelex_xobeh_ov_fountains_minmay,
          minmay_temple_entry_statues_pillars, serial_shops, shop,
          grunt_livestock, makhleb_heckhound_becter
D:8:      elyvilon_altar_4, vehumet_crystals, basic_altar,
          kennysheep_just_a_vault, uniq_gastronok
D:9:      lair_entry_dummy
D:10:     serial_park_tiny_1, hangedman_decor_growths
D:11:     uniq_josephine
D:12:     erik_orc_3, lab_entry_generic
D:13:     david_vaults_5
D:14:     basic_altar, nrook_mini_vaults, minmay_the_grid_2x2
D:15:     hangedman_depths_entry_civil_slaughter, nicolae_lava_and_water,
          kennysheep_treasure_room, uniq_nessos
Lair:2:   minmay_shoals_entry_lonely_mermaid, grunt_megastairs_3, uniq_harold
Lair:3:   beast_lair_carwin_large_4, cheibrodos_lair_reptile_den
Lair:4:   spider_nest_entry_web_field
Lair:6:   gammafunk_lair_ancient_temple, slime_altar_1
Shoals:1: nicolae_shoals_stone_sculpture_thing
Orc:1:    basic_altar, mines5_lemuel
Orc:2:    grunt_orc_gardens, grunt_orc_garden, grunt_orc_garden,
          grunt_orc_garden, grunt_orc_garden
Depths:1: kennysheep_big_flooded_room, pf_hell_entry_tar_spiral,
          grunt_pan_entry_spiral, feat_on_display
Lab:      nicolae_lab_dead_adventurers, nicolae_lab_flowing_pool,
          nicolae_lab_lava, nicolae_lab_garden, nicolae_lab_stuck,
          nicolae_lab_arrow, lab_fountain, labyrinth_skeletal_remains,
          nicolae_lab_diamond

Skill      XL: |  1  2  3  4  5  6  7  8  9 10 11 12 13 14 15 16 17 |
---------------+----------------------------------------------------+-----
Air Magic      | 4 5 6 7 8 9 10 11 12 13 14 | 14.6
Conjurations   | 3 4 5 7 8 10 | 10.6
Spellcasting   | 3 4 5 7 8 9 10 12 13 | 13.8
Axes           | 2 3 4 5 7 9 11 12 13 | 13.8
Armour         | 1 2 3 4 5 7 8 9 |  9.9
Fighting       | 1 3 5 6 7 9 10 11 | 11.7
Dodging        | |  1.5
Stealth        | |  3.0

Action                   |  1- 3 |  4- 6 |  7- 9 | 10-12 | 13-15 | 16-18 || total
-------------------------+-------+-------+-------+-------+-------+-------++-------
Melee: Unarmed           |     6 |       |       |       |       |       ||     6
       Dagger            |       |    28 |    59 |    89 |    55 |       ||   231
       Constrict         |       |       |       |       |    53 |    50 ||   103
       War axe           |       |       |       |       |   184 |   266 ||   450
 Cast: Shock             |    16 |    45 |    99 |    41 |     2 |     4 ||   207
       Airstrike         |       |       |    88 |   283 |   596 |   398 ||  1365
       Swiftness         |       |       |     1 |     1 |     2 |       ||     4
       Static Discharge  |       |       |     3 |    37 |    53 |    37 ||   130
       Lightning Bolt    |       |       |       |    20 |    65 |    41 ||   126
       Regeneration      |       |       |       |       |     2 |     2 ||     4
 Abil: Spit Poison       |    40 |    59 |    52 |    21 |     1 |       ||   173
Evoke: Wand              |       |       |       |     3 |     2 |    12 ||    17
  Use: Potion            |     1 |       |       |     2 |     6 |    12 ||    21
       Scroll            |       |    19 |     3 |    10 |    14 |     9 ||    55
 Stab: Paralysed         |       |       |       |     2 |       |       ||     2
       Distracted        |       |       |       |       |     1 |     2 ||     3
  Eat: Chunk             |     3 |    11 |    29 |    44 |    61 |    42 ||   190
       Fruit             |       |     1 |       |     3 |       |       ||     4
       Meat ration       |       |       |       |     3 |       |       ||     3
       Royal jelly       |       |       |       |       |     6 |       ||     6
Armor: Robe              |     6 |    20 |    51 |       |       |       ||    77
       Leather armour    |       |       |    11 |   126 |   151 |       ||   288
       Ring mail         |       |       |       |       |   186 |   265 ||   451
Dodge: Dodged            |    24 |    41 |    68 |    98 |   173 |   120 ||   524
Block: Other             |       |       |       |       |       |    49 ||    49
       Reflection        |       |       |       |       |       |     3 ||     3
